 Dungeon Crawl Stone Soup version 0.18-a0-1485-g189885c (webtiles) character file.

128 Ratboiler the Skirmisher (level 4, 0/42 HPs)
             Began as a Minotaur Earth Elementalist on Mar 3, 2016.
             Slain by Pikel
             ... wielding a +1 whip of flaming
              (1 damage)
             ... while paralysed by Pikel
             ... on level 4 of the Dungeon.
             The game lasted 00:09:14 (3022 turns).

Ratboiler the Skirmisher (MiEE)                     Turns: 3022, Time: 00:09:14

Health: 0/42       AC:  7    Str: 14    XL:     4   Next: 87%
Magic:  5/5        EV:  2    Int: 12    God:
Gold:   195        SH:  0    Dex: 10    Spells: 1 memorised, 4 levels left

rFire  . . .     SeeInvis .     a - +0 hand axe
rCold  . . .     Gourm    .     f - +0 ring mail
rNeg   . . .     Faith    .     (no shield)
rPois  .         Spirit   .     (helmet restricted)
rElec  .         Dismiss  .     (no cloak)
rCorr  .         Reflect  .     g - +1 pair of gloves
SustAt .         Harm     .     (no boots)
MR     .....                    (no amulet)
Stlth  +.........               (no ring)
                                (no ring)

@: paralysed, not resistant to hostile enchantments, very unstealthy
A: retaliatory headbutt, horns 2
a: no special abilities


You were on level 4 of the Dungeon.
You were not hungry.

You visited 1 branch of the dungeon, and saw 5 of its levels.

You collected 195 gold pieces.

Inventory:

Hand Weapons
 a - a +0 hand axe (weapon)
 x - a +0 club
Missiles
 b - 282 stones (quivered)
 u - 5 tomahawks
Armour
 f - a +0 ring mail (worn)
 g - a +1 pair of gloves (worn)
 j - a +0 robe
 p - a +0 shield
Magical Staves
 v - an uncursed staff of earth {unknown}
Scrolls
 i - a scroll of identify
 l - a scroll of remove curse
 n - a scroll of noise {unknown}
 q - a scroll of enchant armour
 r - 2 scrolls of amnesia
 t - a scroll of random uselessness {unknown}
 w - a scroll of recharging {unknown}
 y - a scroll of immolation
Potions
 e - a potion of curing
 k - a potion of magic {unknown}
 o - a potion of haste {unknown}
 s - a potion of lignification {unknown}
 z - 2 potions of resistance {unknown}
 B - a potion of degeneration {unknown}
Books
 c - a book of Geomancy

   Spells                             Type                      Level
   a - Sandblast                      Earth                        1
   b - Passwall                       Transmutation/Earth          2
   c - Stone Arrow                    Conjuration/Earth            3
   d - Petrify                        Transmutation/Earth          4
   e - Lee's Rapid Deconstruction     Earth                        5
Comestibles
 d - a bread ration
 m - a royal jelly
 A - a meat ration


   Skills:
 + Level 5.5 Fighting
 - Level 2.1 Dodging
 - Level 1.5 Stealth
 - Level 1.3 Spellcasting
   Level 0.7 Transmutations
 - Level 2.4 Earth Magic


You had 4 spell levels left.
You knew the following spells:

 Your Spells              Type           Power        Failure   Level  Hunger
a - Sandblast             Erth           #.....       24%         1    ##.....


Dungeon Overview and Level Annotations

Branches:
Dungeon (5/15)
 Temple: D:4-7

Altars:

Annotations:
D:4 Pikel


Innate Abilities, Weirdness & Mutations

You reflexively headbutt those who attack you in melee.
You have a pair of horns on your head.


Message History

Aim: Pikel, wielding a whip of flaming, wearing an embroidered robe and carrying a wand of paralysis {zapped: 10} (heavily wounded)
You throw a javelin. The javelin hits Pikel!
Pikel is severely wounded.
Pikel barely misses you.
Throwing (i - inventory. (,) - cycle):
h - a javelin (quivered)
Press: ? - help, Shift-Dir - straight line, f/p - Pikel
Aim: Pikel, wielding a whip of flaming, wearing an embroidered robe and carrying a wand of paralysis {zapped: 10} (severely wounded)
You throw a javelin. The javelin barely misses Pikel.
The javelin hits the slave.
The slave is moderately wounded.
Pikel zaps a wand.
You suddenly lose the ability to move!
Pikel hits you with a whip of flaming.
* * * LOW HITPOINT WARNING * * *
Pikel burns you.
* * * LOW HITPOINT WARNING * * *
Pikel hits you with a whip of flaming.
* * * LOW HITPOINT WARNING * * *
Pikel burns you.
You die...

#.# ##..##.###..### #.#
#####..........## #.#
#......###.##### #.# ##.###.##
#.# #.# #......# #.#
#.####...#######.########
#.##.....................
#....##.########.########
#..####.@Kp### #.# #
####..###..##pp.# #.# #
#.........#####.?##.# #
#.........# #..#.# # ####
#.......).# #(#.### # ...#
#######...#######.(...######
...#######...#..........(........
...............########..##......
...#.......#.........)...(.......


You could see Pikel and 3 slaves.

Vanquished Creatures
  A slave (D:5)
  A hound (D:4)
  An iguana (D:5)
  A worm (D:2)
  3 dart slugs
  A giant gecko (D:4)
  6 orcs
  5 bats
  A giant cockroach (D:1)
  7 goblins
  6 hobgoblins
  9 jackals
  4 kobolds
  A quokka (D:3)
  A ball python (D:4)
  2 giant newts
  4 rats
54 creatures vanquished.

Notes
Turn   | Place    | Note
--------------------------------------------------------------
     0 | D:1      | Ratboiler the Minotaur Earth Elementalist began the quest for the Orb.
     0 | D:1      | Reached XP level 1. HP: 14/14 MP: 1/1
   141 | D:1      | Reached skill level 1 in Fighting
   181 | D:1      | Reached skill level 2 in Fighting
   260 | D:1      | Reached XP level 2. HP: 24/24 MP: 3/3
   771 | D:2      | Found a faded altar to an unknown god.
  1069 | D:2      | Reached skill level 3 in Fighting
  1231 | D:2      | Reached XP level 3. HP: 31/31 MP: 4/4
  2131 | D:3      | Reached skill level 4 in Fighting
  2304 | D:4      | Noticed a scorpion
  2411 | D:4      | Noticed Pikel
  2411 | D:4      | Noticed a slave
  2411 | D:4      | Noticed a slave
  2411 | D:4      | Noticed a slave
  2411 | D:4      | Noticed a slave
  2465 | D:5      | Entered Level 5 of the Dungeon
  2467 | D:5      | Noticed a centaur
  2571 | D:4      | Paralysed by Pikel for 6 turns
  2592 | D:5      | Killed a slave
  2603 | D:5      | Reached XP level 4. HP: 8/41 MP: 5/5
  2608 | D:5      | Reached skill level 5 in Fighting
  2690 | D:5      | Noticed a centaur
  3001 | D:4      | Paralysed by Pikel for 4 turns
  3008 | D:4      | Paralysed by Pikel for 4 turns
  3020 | D:4      | Paralysed by Pikel for 3 turns
  3022 | D:4      | HP: 1/42 [Pikel/whip of flaming (5)]
  3022 | D:4      | Slain by Pikel

Vault maps used:
D:1:      ncdulo_smallfort
D:2:      ecumenical_altar_2, minmay_misc_feat_five, hex_intersection
D:4:      uniq_pikel
D:5:      first_bread

Skill      XL: |  1  2  3  4 |
---------------+-------------+-----
Fighting       | 2 3 4 5 |  5.5
Dodging        | |  2.1
Stealth        | |  1.5
Spellcasting   | |  1.3
Transmutations | |  0.7
Earth Magic    | |  2.4

Action                   |  1- 3 |  4- 6 || total
-------------------------+-------+-------++-------
Melee: Club              |    86 |       ||    86
       Unarmed           |     3 |       ||     3
       Hand axe          |    53 |    25 ||    78
Throw: Javelin           |     9 |     8 ||    17
       Stone             |     2 |       ||     2
  Use: Scroll            |     8 |     1 ||     9
       Potion            |     2 |     1 ||     3
  Eat: Chunk             |     4 |     1 ||     5
       Beef jerky        |     1 |       ||     1
